 Dungeon Crawl Stone Soup version 0.31.0-11-ge490571c62 (webtiles) character file.

Game seed: 4088569656973190579

13 browni3141 the Shooter (level 2, 22/22 HPs)
             Began as a Demonspawn Hunter on Jan 31, 2024.
             Got out of the dungeon alive.
             The game lasted 00:00:10 (237 turns).

browni3141 the Shooter (Demonspawn Hunter)           Turns: 237, Time: 00:00:10

Health: 22/22      AC:  3    Str: 11    XL:     2   Next: 24%
Magic:  2/2        EV: 12    Int:  9    God:
Gold:   28         SH:  0    Dex: 16    Spells: 1/1 levels left

rFire   . . .        a - +0 shortbow
rCold   . . .        (shield currently unavailable)
rNeg    . . .        c - +0 leather armour
rPois   .            (no helmet)
rElec   .            (no cloak)
rCorr   .            (no gloves)
SInv    .            (no boots)
Will    .....        (no amulet)
Stlth   ++           (no ring)
HPRegen 0.23/turn    (no ring)
MPRegen 0.08/turn

%: no passive effects
@: no status effects
A: spiny 1
a: no special abilities


You escaped.
You visited 1 branch of the dungeon, and saw 1 of its levels.

You collected 28 gold pieces.

Inventory:

Hand Weapons
 a - a +0 shortbow (weapon)
Armour
 c - a +0 leather armour (worn)
Scrolls
 b - a scroll of butterflies
 e - a scroll of identify {unknown}
Potions
 d - a potion of berserk rage {unknown}


   Skills:
 + Level 2.2 Fighting
 + Level 3.7 Ranged Weapons
 + Level 2.0 Dodging
 + Level 1.3 Stealth


You had one spell level left.
You didn't know any spells.
Your spell library was empty.

Dungeon Overview and Level Annotations

Branches:
Dungeon (1/15)

Altars:


Innate Abilities, Weirdness & Mutations

You are partially covered in sharp spines.


Message History

A goblin is nearby!
You shoot an arrow. The arrow closely misses the goblin.
A goblin is nearby!
You shoot an arrow. The arrow barely misses the goblin.
A goblin is nearby!
You shoot an arrow.
The arrow hits the goblin but does no damage.
A goblin is nearby!
You shoot an arrow. The arrow barely misses the goblin.
A goblin is nearby!
You shoot an arrow. The arrow misses the goblin.
The goblin hits you with a +0 club.
A goblin is nearby!
You shoot an arrow. The arrow hits the goblin.
The goblin is moderately wounded.
The goblin barely misses you. The goblin hits you with a +0 club.
A goblin is nearby!
A goblin is nearby!
You shoot an arrow. The arrow hits the goblin.
You kill the goblin!
HP restored.
Things that are here:
a +0 club; a goblin corpse
e - a scroll labelled DONESUO YSAX No target in view!
You open the door.
There is an open door here.
There is an open door here.
You now have 16 gold pieces (gained 6).
Found a stone staircase leading down.
No target in view!
There is a stone staircase leading down here.
You now have 27 gold pieces (gained 11).
A goblin comes into view. It is wielding a +0 club.
You shoot an arrow. The arrow hits the goblin.
The goblin shouts!
The goblin is severely wounded.
A goblin is nearby!
You shoot an arrow. The arrow barely misses the goblin.
An endoplasm comes into view.
You shoot an arrow. The endoplasm quivers.
The arrow hits the goblin.
You kill the goblin!
An endoplasm is nearby!
You shoot an arrow. The arrow hits the endoplasm.
The endoplasm is lightly wounded.
An endoplasm is nearby!
You shoot an arrow. The arrow hits the endoplasm.
The endoplasm is heavily wounded.
An endoplasm is nearby!
You shoot an arrow.
The arrow hits the endoplasm but does no damage.
The endoplasm is heavily wounded.
The endoplasm hits you but does no damage.
The endoplasm freezes you.
You are frozen.
An endoplasm is nearby!
You shoot an arrow. The arrow hits the endoplasm!
You kill the endoplasm!
Your Dodging skill increases to level 2!
You now have 28 gold pieces (gained 1).
Found a stone staircase leading down.
You see here a +0 club.
No target in view!
An endoplasm comes into view.
You shoot an arrow. The endoplasm quivers.
The arrow hits the endoplasm.
The endoplasm is moderately wounded.
An endoplasm is nearby!
You shoot an arrow. The arrow hits the endoplasm!
You kill the endoplasm!
You have reached level 2!
Your demonic ancestry asserts itself...
Sharp spines emerge from parts of your body.
A kobold and a goblin come into view.
A quokka comes into view.
You see here a +0 robe.
You shoot an arrow. The arrow closely misses the quokka.
The goblin shouts!
The kobold throws a stone.
The stone hits you but does no damage.
The kobold throws a stone.
The stone completely misses you.
You shoot an arrow. The arrow misses the quokka.
The kobold throws a stone.
The stone hits you but does no damage.
You shoot an arrow. The arrow hits the quokka.
The quokka is moderately wounded.
The quokka is struck by your spines.
You kill the quokka!
The kobold throws a stone.
The stone barely misses you.
You shoot an arrow. The arrow hits the goblin!
You kill the goblin!
The kobold throws a stone.
The stone closely misses you.
You shoot an arrow. The arrow hits the kobold.
You kill the kobold!
No target in view!
No target in view!
There is a fountain of clear blue water here.
There is an open door here.
There is a staircase leading out of the dungeon here.
You have escaped!

##...### #....'..
#....### #########
#....# ####.......#
#....# #(......##.#
#....#
#.⌠...⌠.##.###....###
#..###..##...........
##.[#@#.[.#.###)######
##..(#'#...#.# #.#
#.##...⌠...⌠....# #)###
#....>.........## #...#
####..........#####...#
#.......#..........#
#..#..#.#.######...#
#..#....#.# #...#
#.(###..#.# #####


There were no monsters in sight!

Vanquished Creatures
  3 endoplasms (D:1)
  4 goblins (D:1)
  A kobold (D:1)
  A quokka (D:1)
  A frilled lizard (D:1)
10 creatures vanquished.

Notes
Turn   | Place    | Note
-------+----------+-------------------------------------------
     0 | D:1      | browni3141 the Demonspawn Hunter began the quest for the
                  | Orb.
     0 | D:1      | Reached XP level 1. HP: 16/16 MP: 1/1
    29 | D:1      | Reached skill level 1 in Stealth
   166 | D:1      | Gained mutation: You are partially covered in sharp spines.
                  | [demonic ancestry]
   166 | D:1      | Reached XP level 2. HP: 22/22 MP: 2/2
   237 | D:$      | Got out of the dungeon alive.

Illustrated notes

Levels and vault maps discovered:
D:1:      scummos_arrival_simple_fountains, layout_basic, serial_shops,
          shop_statue

Skill      XL: |  1 |
---------------+----+-----
Stealth        | 1 |  1.3
Dodging        | 2 |  2.0
Fighting       | |  2.2
Ranged Weapons | |  3.7

Action                     || total
---------------------------++-------
   Fire: Shortbow          ||    32
 Armour: Leather armour    ||     5
  Dodge: Dodged            ||     6
